 Dungeon Crawl Stone Soup version 0.29.1-12-g30fa7ad0bf (webtiles) character file.

Game seed: 1239766608400022948

2473 sanboga the Grappler (level 9, -3/87 (89) HPs)
             Began as a Troll Berserker on Dec 13, 2022.
             Was a Priest of Trog.
             Slain by a troll (16 damage)
             ... on level 7 of the Dungeon.
             The game lasted 00:05:58 (4064 turns).

sanboga the Grappler (Troll Berserker)              Turns: 4064, Time: 00:05:58

HP:   -3/87 (89)    AC:  9    Str: 31    XL:     9   Next: 26%
MP:   8/8           EV: 11    Int:  5    God:    Trog [***...]
Gold: 4             SH:  5    Dex:  9    Spells: 8/8 levels left

rFire   . . .      SeeInvis +     - Unarmed
rCold   . . .      Faith    .   (no shield)
rNeg    . . .      Spirit   .   a - +1 animal skin
rPois   +          Reflect  +   j - +2 hat
rElec   .          Harm     .   k - +1 cloak
rCorr   +          Rampage  .   (gloves unavailable)
Will    +....                   (boots unavailable)
Stlth   +.........              l - amulet of reflection
HPRegen 1.04/turn               y - ring "Ososar" {rPois Will+ rCorr Int+2 SInv}
MPRegen 0.11/turn               (no ring)

@: on berserk cooldown, slowed, lightly drained, very slow
A: large, unfitting armour, claws 3, regeneration 1, shaggy fur 1, tough skin 1
a: Renounce Religion, Berserk, Trog's Hand


You were on level 7 of the Dungeon.
You worshipped Trog.
Trog was most pleased with you.
You visited 1 branch of the dungeon, and saw 7 of its levels.

You collected 420 gold pieces.
You spent 416 gold pieces at shops.

Inventory:

Armour
 a - a +1 animal skin (worn)
 j - a +2 hat (worn)
 k - a +1 cloak (worn)
Jewellery
 l - an amulet of reflection (around neck)
 y - the ring "Ososar" (left claw) {rPois Will+ rCorr Int+2 SInv}
   (You bought it in a shop on level 3 of the Dungeon)

   [ring of see invisible]

   Int:       It affects your intelligence (+2).
   rPois:     It protects you from poison.
   SInv:      It lets you see invisible.
   rCorr:     It protects you from acid and corrosion.
   Will:      It increases your willpower.
Wands
 q - a wand of flame (20)
Scrolls
 b - 3 scrolls of fog {unknown}
 d - 2 scrolls of teleportation {unknown}
 g - 2 scrolls of torment {unknown}
 n - 2 scrolls of fear
 p - a scroll of enchant armour
 r - a scroll of amnesia {unknown}
 t - a scroll of vulnerability {unknown}
 v - a scroll of silence {unknown}
Potions
 c - a potion of heal wounds {unknown}
 e - 3 potions of curing
 f - 3 potions of ambrosia
 i - a potion of haste
 m - 2 potions of invisibility
 o - a potion of cancellation {unknown}
 u - a potion of attraction {unknown}
 w - a potion of mutation {unknown}
 x - a potion of lignification {unknown}


   Skills:
 + Level 5.7 Fighting
 + Level 5.7 Dodging
 * Level 9.4 Unarmed Combat


You had 8 spell levels left.
You didn't know any spells.
Your spell library was empty.

Dungeon Overview and Level Annotations

Branches:
Dungeon (7/15)             Temple (0/1) D:6

Altars:
Dithmenos
Elyvilon
Makhleb
Nemelex Xobeh
Okawaru
Sif Muna
Xom
Yredelemnul
Zin

Shops:
D:3 =


Innate Abilities, Weirdness & Mutations

You are too large for most types of armour.
You have claws for hands.
Your natural rate of healing is unusually fast.
You are covered in fur. (AC +1)
You have tough skin. (AC +1)


Message History

Styxcanada's ghost completely misses you.
You block the troll's attack. The troll claws you. x2
* * * LOW HITPOINT WARNING * * *
You closely miss styxcanada's ghost. You claw styxcanada's ghost.
You destroy styxcanada's ghost!
Trog accepts your kill.
Your life force feels restored.
You mangle the troll!!
The troll is almost dead.
You block the troll's attack. The troll completely misses you.
The troll claws you.
* * * LOW HITPOINT WARNING * * *
The wight hits you with a +0 mace.
* * * LOW HITPOINT WARNING * * *
You feel drained.
You barely miss the troll.
The troll is almost dead.
You closely miss the troll. Your claw misses the troll.
The troll is almost dead.
The troll bites you but does no damage. The troll claws you!
* * * LOW HITPOINT WARNING * * *
The troll claws you!
* * * LOW HITPOINT WARNING * * *
The wight barely misses you.
You closely miss the troll.
The troll is almost dead.
You barely miss the troll.
The troll is almost dead.
The troll bites you.
* * * LOW HITPOINT WARNING * * *
The troll claws you but does no damage. The troll barely misses you.
The wight hits you but does no damage.
You closely miss the troll.
The troll is almost dead.
You barely miss the troll.
The troll is almost dead.
You are no longer berserk.
You are exhausted.
You feel yourself slow down. The troll bites you!
You die...

#..#.........#..#........
##..#.........#..#...#..##
###...#....©....#.........#
......#......?..#......##...
##..#.........#...##.# #.
#..#©........#..###.#
#..##8.!g$$8##..###<###
#...#########.........###
#.......@[......##.......
#......T.z.....##.†...>.#
#........#####.##.......#
#>.####### #..##.......# ..#
####.####.......
.###########....# .......#
#............#### .......#
#......<...### .......#
#..........#


You could see a troll, a gnoll sergeant and a wight.

Vanquished Creatures
  The ghost of styxcanada the Covert, a novice SpBr of Gozag (D:7)
  Joseph (D:7)
  Prince Ribbit (D:7)
  A yak (D:7)
  Edmund (D:5)
  2 sky beasts
  2 ogres
  An ice beast (D:6)
  A phantom (D:6)
  2 bullfrogs (D:6)
  A scorpion (D:5)
  A necrophage (D:5)
  4 killer bees (D:7)
  4 hounds
  A jelly (D:6)
  A gnoll bouda (D:5)
  5 gnolls (D:5)
  8 adders
  3 white imps
  An ufetubus (D:5)
  2 dart slugs
  8 orcs
  8 ball pythons
  5 bats
  5 endoplasms
  5 giant cockroaches
  5 goblins
  6 hobgoblins
  A quokka (D:2)
  3 frilled lizards
  14 kobolds
  10 rats
  A spectral kobold (D:2)
115 creatures vanquished.

Vanquished Creatures (others)
  A plant (D:3)
1 creature vanquished.

Grand Total: 116 creatures vanquished

Notes
Turn   | Place    | Note
-------+----------+-------------------------------------------
     0 | D:1      | sanboga the Troll Berserker began the quest for the Orb.
     0 | D:1      | Reached XP level 1. HP: 22/22 MP: 0/0
    59 | D:1      | Reached XP level 2. HP: 29/29 MP: 1/1
   526 | D:1      | Reached ** piety under Trog
   532 | D:1      | Reached XP level 3. HP: 33/36 MP: 2/2
   764 | D:2      | Reached skill level 4 in Unarmed Combat
   797 | D:2      | Found a faded altar of an unknown god.
   994 | D:2      | Reached XP level 4. HP: 39/44 MP: 3/3
  1309 | D:3      | Found a shimmering altar of Xom.
  1317 | D:3      | Found a sparkling altar of Nemelex Xobeh.
  1376 | D:3      | Noticed a sky beast
  1387 | D:3      | Killed a sky beast
  1388 | D:3      | Reached XP level 5. HP: 53/53 MP: 4/4
  1393 | D:3      | Found a basalt altar of Yredelemnul.
  1410 | D:3      | Found a shimmering blue altar of Sif Muna.
  1442 | D:3      | Found Jenakluf's Jewellery Shoppe.
  1556 | D:3      | Reached skill level 5 in Unarmed Combat
  1591 | D:3      | Reached *** piety under Trog
  1745 | D:3      | Found a white marble altar of Elyvilon.
  1982 | D:4      | Noticed an ogre
  1988 | D:4      | Killed an ogre
  1989 | D:4      | Reached XP level 6. HP: 61/61 MP: 5/5
  2212 | D:4      | Found a burning altar of Makhleb.
  2293 | D:5      | Entered Level 5 of the Dungeon
  2390 | D:5      | Noticed Edmund
  2399 | D:5      | Killed Edmund
  2400 | D:5      | Reached skill level 6 in Unarmed Combat
  2400 | D:5      | Reached XP level 7. HP: 55/68 MP: 6/6
  2446 | D:5      | You fall into a shaft and drop 1 floor!
  2466 | D:6      | Found an iron altar of Okawaru.
  2950 | D:6      | Found a staircase to the Ecumenical Temple.
  3002 | D:6      | Found a shadowy altar of Dithmenos.
  3003 | D:6      | Found a glowing silver altar of Zin.
  3011 | D:6      | Reached skill level 7 in Unarmed Combat
  3143 | D:6      | Reached XP level 8. HP: 72/79 MP: 7/7
  3618 | D:7      | Noticed a troll
  3618 | D:7      | Noticed styxcanada's ghost (novice SpBr)
  3679 | D:7      | Found a transporter.
  3692 | D:7      | Noticed Joseph
  3703 | D:7      | Killed Joseph
  3704 | D:7      | Reached skill level 5 in Fighting
  3704 | D:7      | Reached skill level 5 in Dodging
  3704 | D:7      | Reached skill level 8 in Unarmed Combat
  3756 | D:7      | Found a transporter.
  3913 | D:3      | Bought the ring "Ososar" {rPois Will+ rCorr Int+2 SInv} for
                  | 416 gold pieces
  4001 | D:7      | Noticed Prince Ribbit
  4008 | D:7      | Killed Prince Ribbit
  4009 | D:7      | Reached skill level 9 in Unarmed Combat
  4009 | D:7      | Reached XP level 9. HP: 64/88 MP: 8/8
  4057 | D:7      | Killed styxcanada's ghost
  4064 | D:7      | Slain by a troll

Illustrated notes

Levels and vault maps discovered:
D:1:      saegor_arrival_simple_b, layout_basic,
          corexii_item_surrounded_by_moat, minivault_23,
          minmay_misc_feat_enclosed
D:2:      layout_basic, dreamdust_ecumenical_altar_drowned_temple
D:3:      layout_basic, yredelemnul_altar_generic, mainiacjoe_overflow_alcove_4,
          jmf_multi_god_temple, nicolae_elyvilon_temple_path, serial_shops, shop
D:4:      layout_cave_pools, amcnicky_altar_gilded
D:5:      layout_cave_pools, uniq_edmund
D:6:      layout_cave_pods, mainiacjoe_overflow_divided_tiny,
          okawaru_gym_becter, minmay_temple_entry_statues
D:7:      layout_rooms, gammafunk_ghost_arena, uniq_prince_ribbit1, uniq_joseph,
          uniq_pikel

Skill      XL: |  1  2  3  4  5  6  7  8 |
---------------+-------------------------+-----
Unarmed Combat | 4 5 6 7 9 |  9.4
Fighting       | 3 4 5 |  5.7
Dodging        | 3 4 5 |  5.7

Action                   |  1- 3 |  4- 6 |  7- 9 || total
-------------------------+-------+-------+-------++-------
Melee: Unarmed           |    86 |   115 |   114 ||   315
       Punch             |       |     5 |     8 ||    13
Invok: Berserk           |       |     1 |     3 ||     4
  Use: Scroll            |       |    10 |       ||    10
 Stab: Sleeping          |       |     1 |       ||     1
Armor: Animal skin       |    34 |    40 |    31 ||   105
Dodge: Dodged            |    32 |    50 |    62 ||   144
Block: Other             |       |    21 |    28 ||    49
       Reflection        |       |     1 |       ||     1
